Map: Золотая стена РВ

Players

ИИ 1 (новичок) - Winner!

  • Race: Zerg Zerg
  • Spawn Location: 7:00

Dobro

  • Race: Terran Terran
  • League: Master
  • Spawn Location: 5:00

VOD

Have the link to the VOD?

Description

Time

  • Played on: May 13, 2020, 1:02 p.m.
  • Length: 9:58
Show
View Real Time Build Order
Export as new Build Order

ИИ 1 (новичок) Zerg - Winner!

Build Orders: Pool First 

Get SALT Encoding   

  12  0:00  Drone  
  13  0:12  Overlord  
  13  0:17  Drone  
  14  0:36  Spawning Pool  
  14  0:37  Extractor  
  14  0:39  Drone  
  13  0:46  Drone  
  14  0:51  Overlord  
  14  1:23  Zergling x2, Queen  
  17  1:30  Roach Warren  
  17  1:32  Extractor  
  15  1:36  Drone  
  16  1:40  Zergling x2  
  16  1:43  Drone  
  18  1:57  Zergling x2  
  18  1:58  Drone  
  20  2:08  Drone  
  21  2:18  Drone  
  20  2:30  Zergling x2  
  20  2:41  Overlord  
  20  2:47  Zergling x2  
  18  2:53  Drone  
  14  3:00  Drone  
  15  3:09  Queen  
  16  3:16  Roach  
  16  3:24  Drone  
  11  3:31  Drone  
  8  3:34  Zergling x2  
  7  3:52  Drone  
  8  4:07  Drone  
  10  4:17  Drone  
  10  4:27  Drone  
  11  4:35  Drone  
  12  4:42  Drone  
  13  4:49  Drone  
  14  4:57  Drone  
  15  5:04  Drone  
  16  5:11  Drone  
  17  5:16  Zergling x2  
  17  5:20  Extractor  
  17  5:25  Drone  
  18  5:33  Zergling x2  
  19  5:36  Drone  
  20  5:43  Drone  
  21  5:50  Drone  
  22  5:57  Drone  
  23  6:05  Drone  
  23  6:09  Overlord  
  24  6:14  Drone  
  25  6:21  Drone  
  26  6:28  Drone  
  27  6:33  Roach  
  27  6:36  Drone  
  30  6:43  Drone  
  30  6:46  Overlord  
  31  6:54  Drone  
  31  7:00  Lair  
  32  7:07  Drone  
  33  7:16  Ravager  
  33  7:17  Roach  
  36  7:58  Overseer  
  36  8:00  Overseer  
  36  8:36  Zergling x2  
  36  8:41  Queen  
  29  8:44  Overlord  
  29  8:46  Overlord  
  29  8:48  Overlord  
  29  8:50  Overseer  
  26  9:05  Roach  
  26  9:06  Drone, Overlord  
  29  9:10  Overseer  
  29  9:13  Hatchery, Drone  
  29  9:20  Drone  
  30  9:34  Zergling x2  
Show
View Real Time Build Order
Export as new Build Order

Dobro Terran 

Build Orders:  

Get SALT Encoding   

  12  0:00  SCV  
  13  0:13  SCV  
  14  0:19  Supply Depot  
  14  0:25  SCV  
  15  0:43  Barracks  
  15  0:54  Barracks  
  15  1:11  Barracks  
  15  1:18  Barracks  
  15  1:31  Marine  
  16  1:34  Supply Depot  
  16  1:41  Marine  
  17  1:48  Marine  
  18  1:59  Marine x2  
  20  2:05  Marine  
  20  2:06  Marine  
  22  2:16  Marine  
  22  2:18  Marine  
  23  2:23  Marine  
  22  2:30  Marine  
  22  2:34  Marine  
  22  2:36  Marine  
  24  2:44  Bunker  
  24  2:46  Marine  
  25  2:52  Marine x2  
  27  3:04  Bunker  
  27  3:07  Marine  
  27  3:10  Marine  
  29  3:21  Marine  
  29  3:22  Marine  
  31  3:37  Bunker  
  31  3:54  Orbital Command  
  31  4:00  Supply Depot  
  31  4:03  Supply Depot  
  31  4:23  SCV  
  32  4:30  Command Center  
  32  4:37  SCV  
  33  4:39  Refinery  
  33  4:44  Refinery  
  33  5:00  Bunker  
  33  5:06  SCV  
  34  5:12  Barracks Tech Lab  
  34  5:18  Barracks Tech Lab  
  34  5:21  SCV  
  35  5:33  SCV  
  36  5:37  Factory  
  36  5:45  SCV  
  37  5:56  Stimpack  
  37  6:08  Orbital Command  
  37  6:22  Starport  
  37  6:24  Factory Reactor  
  37  6:36  SCV x2  
  39  6:49  SCV x2  
  39  6:52  Barracks Reactor  
  39  6:53  Barracks Reactor  
  41  6:58  Barracks Reactor  
  41  7:12  Medivac  
  41  7:13  Marine x2  
  45  7:18  Medivac  
  45  7:19  Marine  
  45  7:21  Orbital Command  
  49  7:30  SCV  
  49  7:31  Marine x2  
  49  7:36  Combat Shield  
  51  7:37  Marine  
  51  7:39  Marine x2  
  51  7:42  SCV  
  55  7:49  Supply Depot, Marine x2  
  57  7:54  SCV x2  
  57  7:55  Marine  
  57  7:57  Marine  
  61  8:06  SCV  
  61  8:08  Bunker  
  61  8:12  Barracks Reactor  
  60  8:13  Barracks Reactor  
  60  8:14  Factory Reactor  
  60  8:16  SCV  
  60  8:18  SCV  
  62  8:28  SCV  
  63  8:39  Marine x3  
  63  8:40  SCV x2  
  66  8:42  Medivac x2  
  66  8:48  Supply Depot x2  
  70  9:09  Marine x7, SCV  
  82  9:10  Widow Mine x2  
  82  9:27  Marine x2  
Tags
 
Add a new tag
Caveats
  • Supply blocks, unpowered buildings, or Contaminate may cause inaccurate times.
  • Supply counts are checked every 10 seconds.